 Dungeon Crawl Stone Soup version 0.28-a0-728-g0181a31188 (webtiles) character file.

Game seed: 6047346223959712419

1541 Ijustatesigmund the Covert (level 8, -9/67 HPs)
             Began as a Gnoll Delver on Oct 28, 2021.
             Was a Follower of Cheibriados.
             Mangled by an orc warrior (14 damage)
             ... on level 6 of the Dungeon.
             The game lasted 00:16:01 (8030 turns).

Ijustatesigmund the Covert (Gnoll Delver)           Turns: 8030, Time: 00:16:01

Health: -9/67      AC:  4    Str: 14    XL:     8   Next: 86%
Magic:  13/13      EV: 16    Int: 16    God:    Cheibriados [*.....]
Gold:   108        SH:  0    Dex: 22    Spells: 11/14 levels left

rFire   . . .      SeeInvis .   a - +1 war axe (freeze)
rCold   . . .      Faith    .   (no shield)
rNeg    + + .      Spirit   .   b - +0 leather armour
rPois   +          Reflect  .   y - +2 helmet of Tici {*Corrode rN++ Int+3 Stlth+}
rElec   .          Harm     .   r - +0 cloak
rCorr   .          Rampage  .   l - +0 pair of gloves
Will    .....                   (no boots)
Stlth   ++++++....              (no amulet)
HPRegen 0.21/turn               o - ring of poison resistance
MPRegen 0.13/turn               p - +6 ring of dexterity

@: corroded, very slow
A: fangs 1, strong nose, distributed training
a: Renounce Religion, Bend Time


You were on level 6 of the Dungeon.
You worshipped Cheibriados.
Cheibriados was aware of your devotion.
You visited 1 branch of the dungeon, and saw 7 of its levels.

You collected 410 gold pieces.
You spent 302 gold pieces at shops.

Inventory:

Hand Weapons
 a - a +1 war axe of freezing (weapon)
Armour
 b - a +0 leather armour (worn)
 l - a +0 pair of gloves (worn)
 r - a +0 cloak (worn)
 y - the +2 helmet of Tici (worn) {*Corrode rN++ Int+3 Stlth+}
   (You bought it in a shop on level 2 of the Dungeon)

   Int:       It affects your intelligence (+3).
   rN:        It greatly protects you from negative energy.
   *Corrode:  It may corrode you when you take damage.
   Stlth:     It makes you more stealthy.
Jewellery
 j - a ring of willpower
 o - a ring of poison resistance (left hand)
 p - a +6 ring of dexterity (right hand)
 w - a ring of protection from cold
Wands
 e - a wand of paralysis (6)
 g - a wand of digging (3)
 v - a wand of flame (11)
Scrolls
 d - a scroll of magic mapping
 f - 2 scrolls of enchant armour {unknown}
 t - a scroll of summoning
 x - 3 scrolls of identify
Potions
 c - 2 potions of curing
 h - a potion of brilliance
 i - 4 potions of attraction
 m - 2 potions of magic
 q - a potion of ambrosia
 s - a potion of mutation
 u - a potion of lignification


   Skills:
 + Level 7.5 Fighting
 + Level 3.6 Short Blades
 + Level 3.6 Long Blades
 + Level 5.9 Axes
 + Level 3.6 Maces & Flails
 + Level 3.6 Polearms
 + Level 3.6 Staves
 + Level 3.6 Slings
 + Level 3.6 Bows
 + Level 3.6 Crossbows
 + Level 3.6 Throwing
 + Level 3.6 Armour
 + Level 5.9 Dodging
 + Level 10.3 Stealth
 + Level 3.6 Shields
 + Level 3.6 Unarmed Combat
 + Level 3.6 Spellcasting
 + Level 3.0 Conjurations
 + Level 3.0 Hexes
 + Level 3.0 Summonings
 + Level 3.0 Necromancy
 + Level 3.0 Translocations
 + Level 3.0 Transmutations
 + Level 3.0 Fire Magic
 + Level 3.0 Ice Magic
 + Level 3.0 Air Magic
 + Level 3.0 Earth Magic
 + Level 3.0 Poison Magic
 + Level 4.0 Invocations
 + Level 3.6 Evocations


You had 11 spell levels left.
You knew the following spells:

 Your Spells              Type           Power      Damage    Failure   Level
a - Blink                 Tloc           24%        N/A       10%         2
b - Apportation           Tloc           24%        N/A       6%          1

Your spell library contained the following spells:

 Spells                   Type           Power      Damage    Failure   Level
 Animate Skeleton         Necr           24%        N/A       6%          1
 Beastly Appendage        Tmut           24%        N/A       6%          1
 Magic Dart               Conj           48%        1d5       6%          1
 Summon Small Mammal      Summ           48%        N/A       6%          1
 Passwall                 Tmut/Erth      10%        N/A       10%         2
 Searing Ray              Conj           24%        2d5       10%         2
 Static Discharge         Conj/Air       12%        N/A       10%         2
 Wereblood                Tmut           12%        N/A       10%         2
 Spider Form              Tmut/Pois      6%         N/A       19%         3
 Swiftness                Air            12%        N/A       19%         3
 Dispel Undead            Necr           12%        3d9       52%         4
 Fulminant Prism          Conj/Hex       6%         3d7       52%         4
 Sticky Flame             Conj/Fire      12%        2d4       52%         4
 Lightning Bolt           Conj/Air       6%         1d18      86%         5
 Manifold Assault         Tloc           12%        N/A       86%         5
 Invisibility             Hex            6%         N/A       100%        6
 Storm Form               Tmut/Air       6%         N/A       100%        7
 Maxwell's Capacitive Co  Air            6%         ∞         100%        8


Dungeon Overview and Level Annotations

Branches:
Dungeon (7/15)             Temple (0/1) D:6

Altars:
Cheibriados
Fedhas
Kikubaaqudgha
Okawaru
Yredelemnul
Beogh

Shops:
D:2 [=??   D:4 [

Annotations:
D:4 3 runed translucent doors, kwasso's ghost, amateur GnCA


Innate Abilities, Weirdness & Mutations

You have very sharp teeth.
Your uncanny sense of smell can sniff out nearby items.
Your experience applies equally to all skills.


Message History

You see here a +0 falchion.
You now have 108 gold pieces (gained 12).
f - 2 scrolls labelled YRGHOA OFAHIU (gained 1)
There is an open door here.
You open the door.
A jelly, a scorpion and a zombie come into view.
Found a potion of heal wounds.
An orc warrior comes into view. It is wielding a +0 glaive.
The orc warrior shouts!
A jelly comes into view.
Unknown command.
An orc comes into view. It is wielding a +0 mace.
The helpless troll fails to defend itself.
You slash the troll! You freeze the troll!
The troll is heavily wounded.
The troll bites you!
Your corrosive artefact corrodes you!
The troll claws you! The troll closely misses you.
You hit the troll. You freeze the troll.
The troll is severely wounded.
The troll misses you. The troll claws you but does no damage.
The troll closely misses you.
The orc warrior hits you from afar with a +0 glaive.
You closely miss the troll.
The troll is severely wounded.
The troll bites you. The troll closely misses you. The troll claws you!
The orc warrior hits you from afar with a +0 glaive.
You are too injured to fight recklessly!
You are too injured to fight recklessly!
You feel much better. The troll closely misses you. x3
The orc warrior misses you.
You hit the troll but do no damage.
The troll is severely wounded.
You hit the jelly. You freeze the jelly.
Your hands burn!
The troll bites you. The troll claws you but does no damage.
The troll claws you.
The orc warrior hits you from afar with a +0 glaive!!
* * * LOW HITPOINT WARNING * * *
The jelly barely misses you.
The troll misses you. x2; The troll claws you!
* * * LOW HITPOINT WARNING * * *
The orc warrior hits you from afar with a +0 glaive!
You die...

.....# #........######.. .....#
#...........###.# #########
#...............# ### #...#
#...............#
..###...#########.......).......#
#......................#...####.#
######################.#...####.#
.# #s.J# #.....o..####.+...'.....
.# Z..!.##...#oJ@...####...####.#
.# ......#...##..T..# #...# #.#
.# ......o...##......###...####.#
.# ....#...####............##.#
.#


.ZJ #...# #######.......##.. .# .o #...###...####......##.. .######
#...##....)###.....#.8.# ......####.[.#.......##..........
.#......##...'.......##.....8.>.8 You could see a troll, an orc warrior, a jelly
and an orc.

Vanquished Creatures
  Grinder (D:6)
  Sigmund (D:5)
  A hornet zombie (D:6)
  A necrophage (D:6)
  A sky beast (D:6)
  2 ogres
  A centaur (D:6)
  2 scorpions
  2 electric eels (D:6)
  A bullfrog zombie (D:6)
  A centaur zombie (D:6)
  An orc priest (D:3)
  A jelly (D:4)
  Crazy Yiuf (D:5)
  A gnoll shaman (D:6)
  2 iguanas (D:5)
  An orc wizard (D:6)
  2 hound skeletons (D:5)
  A howler monkey zombie (D:6)
  4 gnolls (D:6)
  6 adders
  A white imp (D:5)
  A worm (D:2)
  2 dart slugs
  8 orcs
  7 endoplasms
  A giant cockroach (D:4)
  5 hobgoblins
  6 kobolds
  7 quokkas
  7 ball pythons
  6 bats
  3 frilled lizards
  9 goblins
  5 rats
102 creatures vanquished.

Vanquished Creatures (others)
  A human (D:3)
  A goblin (D:3)
  14 plants
16 creatures vanquished.

Grand Total: 118 creatures vanquished

Notes
Turn   | Place    | Note
-------+----------+-------------------------------------------
     0 | D:5      | Reached skill level 9 in Stealth
     0 | D:5      | Ijustatesigmund the Gnoll Delver began the quest for the
                  | Orb.
     0 | D:5      | Reached XP level 1. HP: 23/23 MP: 1/1
    29 | D:5      | Reached XP level 2. HP: 24/29 MP: 2/2
   309 | D:4      | Found a blossoming altar of Fedhas.
   351 | D:3      | Found an ancient bone altar of Kikubaaqudgha.
   352 | D:3      | Noticed a human
   355 | D:3      | Killed a human
   516 | D:3      | Reached XP level 3. HP: 14/35 MP: 3/3
   903 | D:3      | Noticed an ogre
   977 | D:2      | Found an iron altar of Okawaru.
  1011 | D:1      | Reached skill level 1 in Invocations
  1156 | D:1      | Reached skill level 1 in Short Blades
  1156 | D:1      | Reached skill level 1 in Long Blades
  1156 | D:1      | Reached skill level 1 in Maces & Flails
  1156 | D:1      | Reached skill level 1 in Polearms
  1156 | D:1      | Reached skill level 1 in Staves
  1156 | D:1      | Reached skill level 1 in Slings
  1156 | D:1      | Reached skill level 1 in Bows
  1156 | D:1      | Reached skill level 1 in Crossbows
  1156 | D:1      | Reached skill level 1 in Throwing
  1156 | D:1      | Reached skill level 1 in Armour
  1156 | D:1      | Reached skill level 1 in Shields
  1156 | D:1      | Reached skill level 1 in Unarmed Combat
  1156 | D:1      | Reached skill level 1 in Spellcasting
  1156 | D:1      | Reached skill level 1 in Evocations
  1247 | D:1      | Learned a level 2 spell: Blink
  1290 | D:1      | Reached XP level 4. HP: 41/41 MP: 5/5
  1310 | D:1      | Found a faded altar of an unknown god.
  1313 | D:1      | Learned a level 1 spell: Apportation
  1920 | D:2      | Found Kyashrif's Magic Scroll Emporium.
  1938 | D:2      | Bought a scroll of identify for 28 gold pieces
  1938 | D:2      | Bought a scroll of identify for 28 gold pieces
  1938 | D:2      | Bought a scroll of identify for 28 gold pieces
  1969 | D:2      | Found Sawisoz's Magic Scroll Emporium.
  2082 | D:2      | Found Wotyf's Jewellery Shop.
  2108 | D:2      | Found Lofixzir's Antique Armour Emporium.
  2143 | D:2      | Reached skill level 1 in Conjurations
  2143 | D:2      | Reached skill level 1 in Hexes
  2143 | D:2      | Reached skill level 1 in Summonings
  2143 | D:2      | Reached skill level 1 in Necromancy
  2143 | D:2      | Reached skill level 1 in Translocations
  2143 | D:2      | Reached skill level 1 in Transmutations
  2143 | D:2      | Reached skill level 1 in Fire Magic
  2143 | D:2      | Reached skill level 1 in Ice Magic
  2143 | D:2      | Reached skill level 1 in Air Magic
  2143 | D:2      | Reached skill level 1 in Earth Magic
  2143 | D:2      | Reached skill level 1 in Poison Magic
  2639 | D:3      | Killed an ogre
  2640 | D:3      | Reached XP level 5. HP: 47/47 MP: 5/7
  3198 | D:3      | Reached XP level 6. HP: 53/53 MP: 8/8
  3226 | D:3      | Found a basalt altar of Yredelemnul.
  3588 | D:4      | Found Fonypavo's Armour Boutique.
  3967 | D:4      | Found a snail-covered altar of Cheibriados.
  3978 | D:4      | Became a worshipper of Cheibriados the Contemplative
  4031 | D:4      | Reached skill level 5 in Axes
  4031 | D:4      | Reached skill level 5 in Dodging
  4350 | D:4      | Found a runed translucent gate.
  4350 | D:4      | Noticed kwasso's ghost (amateur GnCA)
  4352 | D:4      | Found a runed translucent gate.
  4353 | D:4      | Found a runed translucent gate.
  4353 | D:4      | Identified the +7 hunting sling of the Wizarding Rat
                  | {venom, rF+ rC- Str+5}
  4353 | D:4      | Identified the +8 chain mail of Cowardice {rC++ Str+4}
  4481 | D:5      | Noticed Sigmund
  4490 | D:5      | Killed Sigmund
  4491 | D:5      | Reached XP level 7. HP: 59/59 MP: 8/10
  5481 | D:5      | Found a runed translucent door.
  5482 | D:5      | Noticed Crazy Yiuf
  5494 | D:5      | Killed Crazy Yiuf
  5712 | D:2      | Bought a crude helmet for 218 gold pieces
  5712 | D:2      | Identified the +2 helmet of Tici {*Corrode rN++ Int+3
                  | Stlth+} (You bought it in a shop on level 2 of the Dungeon)
  6149 | D:6      | Reached skill level 10 in Stealth
  6218 | D:6      | Reached XP level 8. HP: 50/67 MP: 12/12
  6703 | D:6      | Noticed Grinder
  6724 | D:6      | Killed Grinder
  6724 | D:6      | Reached * piety under Cheibriados
  6909 | D:6      | Found a staircase to the Ecumenical Temple.
  7001 | D:6      | Noticed a troll
  7975 | D:6      | Identified the +1 helmet of Kossihe {Stlth+}
  8030 | D:6      | Mangled by an orc warrior

Illustrated notes

Levels and vault maps discovered:
D:1:      minmay_arrival_diagonal_passages, layout_rooms,
          shapermc_ecumenical_altar_venn
D:2:      layout_basic, serial_shops, nicolae_shop_window_shopping,
          nicolae_shop_crystal, shop, nicolae_diamond_shop, basic_altar,
          small_statue_intersection, chequers_serial_rivers_large_a
D:3:      layout_loops_corners, yredelemnul_altar_generic, tgw_kikubaaqudgha
D:4:      layout_gridville, fedhas_altar_2, mainiacjoe_overflow_paths,
          biasface_ghost_orc_armoury, serial_shops, shop,
          hangedman_decor_diamond_cutter
D:5:      layout_loops_corners, uniq_crazy_yiuf_cottage, uniq_sigmund
D:6:      minmay_opposing_rooms, layout_basic,
          minmay_temple_entry_statues_pillars, serial_bayou_lake_a, uniq_grinder
D:7:      minmay_bubble_buster, layout_rooms, eat_drink_and_be_merry_uskayaw,
          serial_bayou_lagoon_b

Skill      XL: |  1  2  3  4  5  6  7  8 |
---------------+-------------------------+-----
Stealth        | 10 | 10.3
Invocations    | 1 2 3 4 |  4.0
Short Blades   | 1 2 3 |  3.6
Long Blades    | 1 2 3 |  3.6
Maces & Flails | 1 2 3 |  3.6
Polearms       | 1 2 3 |  3.6
Staves         | 1 2 3 |  3.6
Slings         | 1 2 3 |  3.6
Bows           | 1 2 3 |  3.6
Crossbows      | 1 2 3 |  3.6
Throwing       | 1 2 3 |  3.6
Armour         | 1 2 3 |  3.6
Shields        | 1 2 3 |  3.6
Unarmed Combat | 1 2 3 |  3.6
Spellcasting   | 1 2 3 |  3.6
Evocations     | 1 2 3 |  3.6
Conjurations   | 1 2 3 |  3.0
Hexes          | 1 2 3 |  3.0
Summonings     | 1 2 3 |  3.0
Necromancy     | 1 2 3 |  3.0
Translocations | 1 2 3 |  3.0
Transmutations | 1 2 3 |  3.0
Fire Magic     | 1 2 3 |  3.0
Ice Magic      | 1 2 3 |  3.0
Air Magic      | 1 2 3 |  3.0
Earth Magic    | 1 2 3 |  3.0
Poison Magic   | 1 2 3 |  3.0
Axes           | 5 |  5.9
Dodging        | 5 |  5.9
Fighting       | 7 |  7.5

Action                   |  1- 3 |  4- 6 |  7- 9 || total
-------------------------+-------+-------+-------++-------
Melee: Hand axe          |    81 |    15 |       ||    96
       Bite              |     7 |    11 |    21 ||    39
       Punch             |     1 |     1 |     3 ||     5
       War axe           |       |    77 |   128 ||   205
 Cast: Apportation       |       |     1 |       ||     1
Evoke: Wand              |       |     7 |     7 ||    14
  Use: Scroll            |     1 |    10 |     6 ||    17
       Potion            |       |     1 |     2 ||     3
 Stab: Sleeping          |    14 |    18 |    10 ||    42
       Distracted        |       |     1 |     2 ||     3
Armor: Leather armour    |    27 |    25 |    56 ||   108
       Skin              |       |     4 |       ||     4
Dodge: Dodged            |    52 |    46 |   122 ||   220

Table legend: (Time is in decaauts)
 A = Elapsed time spent in this place.
 B = Non-inter-level travel time spent in this place.
 C = Inter-level travel time spent in this place.
 D = Time resting spent in this place.
 E = Time spent auto-exploring this place.
 F = Levels seen in this place.
 G = Mean time per level.
                   A        B        C        D        E       F      G
               +--------+--------+--------+--------+--------+-----+--------+
         Total |   8675 |   8245 |    430 |   2849 |   3940 |   7 | 1239.3 |
       Dungeon |   8675 |   8245 |    430 |   2849 |   3940 |   7 | 1239.3 |
               +--------+--------+--------+--------+--------+-----+--------+

Top non-repeatable levels by time:
     D:6: 2069 daAuts
     D:5: 1873 daAuts
     D:3: 1612 daAuts
     D:4: 1355 daAuts
     D:1: 859 daAuts
     D:2: 854 daAuts
     D:7: 51 daAuts
